 Dungeon Crawl Stone Soup version 0.28.0-53-g5a82cb258f (webtiles) character file.

Game seed: 18036578087869193541

48 Sin92 the Skirmisher (level 3, -4/29 HPs)
             Began as a Demonspawn Fighter on June 9, 2022.
             Slain by Grinder (5 damage)
             ... while paralysed by Grinder
             ... on level 3 of the Dungeon.
             The game lasted 00:01:44 (2420 turns).

Sin92 the Skirmisher (Demonspawn Fighter)           Turns: 2420, Time: 00:01:44

Health: -4/29      AC:  9    Str: 18    XL:     3   Next: 50%
Magic:  2/2        EV:  2    Int:  9    God:
Gold:   51         SH:  0    Dex: 12    Spells: 2/2 levels left

rFire   . . .      SeeInvis .   a - +0 war axe
rCold   . . .      Faith    .   c - +0 buckler
rNeg    . . .      Spirit   .   b - +0 scale mail
rPois   .          Reflect  .   (no helmet)
rElec   .          Harm     .   (no cloak)
rCorr   .          Rampage  .   (no gloves)
Will    .....                   i - +2 pair of boots
Stlth   ..........              (no amulet)
HPRegen 0.09/turn               (no ring)
MPRegen 0.08/turn               (no ring)

@: paralysed
A: hooves 1, demonic touch 1, low MP 1
a: no special abilities


You were on level 3 of the Dungeon.
You visited 1 branch of the dungeon, and saw 3 of its levels.

You collected 51 gold pieces.

Inventory:

Hand Weapons
 a - a +0 war axe (weapon)
Missiles
 e - a throwing net (quivered)
Armour
 b - a +0 scale mail (worn)
 c - a +0 buckler (worn)
 i - a +2 pair of boots (worn)
Scrolls
 f - a scroll of enchant weapon {unknown}
 h - 4 scrolls of identify {unknown}
 j - 2 scrolls of immolation {unknown}
 k - a scroll of acquirement {unknown}
Potions
 d - a potion of might
 g - a potion of heal wounds
 l - a potion of haste {unknown}
 n - a potion of ambrosia {unknown}


   Skills:
 + Level 3.3 Fighting
 * Level 2.5 Axes
 + Level 3.0 Armour
 + Level 0.7 Dodging
 + Level 3.0 Shields


You had 2 spell levels left.
You didn't know any spells.
Your spell library was empty.

Dungeon Overview and Level Annotations

Branches:
Dungeon (3/15)

Altars:

Annotations:
D:3 Grinder


Innate Abilities, Weirdness & Mutations

You have large cloven feet.
Your touch may inflict minor irresistible damage on your foes.
Your magical capacity is low. (-10% MP)


Message History

Grinder is heavily wounded.
Grinder closely misses you.
Unknown command.
You hit Grinder.
Grinder is heavily wounded.
Grinder hits you!
* * * LOW HITPOINT WARNING * * *
You writhe in agony.
* * * LOW HITPOINT WARNING * * *
Grinder hits you but does no damage.
You are too injured to fight recklessly!
It was a potion of mutation.
You feel extremely strange.
You feel weaker.
Your thoughts seem clearer.
Grinder says, "Don't move a muscle."
Grinder blinks!
Really quaff the potion of mutation?
You feel extremely strange.
Your thinking seems confused.
You feel stronger.
Your body twists and deforms.
You feel a little pissed off.
You feel more energetic.
Really quaff the potion of mutation?
You feel extremely strange.
You feel a little more calm.
Your body's shape seems more normal.
You feel less energetic. x2
It was a potion of heal wounds.
You feel much better. Grinder hits you but does no damage.
You hit Grinder but do no damage.
Grinder is heavily wounded.
Grinder hits you but does no damage.
You hit Grinder.
Grinder is heavily wounded.
Grinder gestures at you.
You suddenly lose the ability to move!
Grinder hits you! Grinder gestures at you. Pain shoots through your body!
* * * LOW HITPOINT WARNING * * *
Grinder hits you.
* * * LOW HITPOINT WARNING * * *
You writhe in agony.
You die...

..... ...# ...# .. .5#
#... ..# ..
#...########.###....
.......)........#
####......###.###.#####
...............@5......
..........###.##...##.#
..........# #.# ...#
..........# #.# ...#
########.#####.. .....
................ ......
###.####.#####.#
...##.# ....# #.# #.
.!.# .# ##..# ...


You could see Grinder.

Vanquished Creatures
  An adder (D:2)
  2 dart slugs (D:2)
  4 orcs (D:3)
  4 endoplasms
  2 goblins (D:2)
  A hobgoblin (D:2)
  6 kobolds
  3 quokkas
  4 bats
  A frilled lizard (D:1)
  A rat (D:2)
29 creatures vanquished.

Notes
Turn   | Place    | Note
-------+----------+-------------------------------------------
     0 | D:1      | Sin92 the Demonspawn Fighter began the quest for the Orb.
     0 | D:1      | Reached XP level 1. HP: 18/18 MP: 1/1
   336 | D:1      | Found a faded altar of an unknown god.
  1209 | D:2      | Discovered your monstrous ancestry.
  1209 | D:2      | Gained mutation: You have large cloven feet. [demonic
                  | ancestry]
  1209 | D:2      | Reached XP level 2. HP: 20/24 MP: 2/2
  2019 | D:2      | Gained mutation: Your touch may inflict minor irresistible
                  | damage on your foes. [demonic ancestry]
  2019 | D:2      | Reached XP level 3. HP: 28/29 MP: 3/3
  2390 | D:3      | Noticed Grinder
  2392 | D:3      | Paralysed by Grinder for 4 turns
  2398 | D:3      | Paralysed by Grinder for 3 turns
  2412 | D:3      | Gained mutation: You are weak. (Str -2) [potion of
                  | mutation]
  2412 | D:3      | Gained mutation: You possess an exceptional clarity of
                  | mind. [potion of mutation]
  2413 | D:3      | Lost mutation: You possess an exceptional clarity of mind.
                  | [potion of mutation]
  2413 | D:3      | Lost mutation: You are weak. (Str -2) [potion of mutation]
  2413 | D:3      | Gained mutation: Armour fits poorly on your strangely
                  | shaped body. [potion of mutation]
  2413 | D:3      | Gained mutation: You tend to lose your temper in combat.
                  | [potion of mutation]
  2413 | D:3      | Gained mutation: You have an increased reservoir of magic.
                  | (+10% MP) [potion of mutation]
  2414 | D:3      | Lost mutation: You tend to lose your temper in combat.
                  | [potion of mutation]
  2414 | D:3      | Lost mutation: Armour fits poorly on your strangely shaped
                  | body. [potion of mutation]
  2414 | D:3      | Lost mutation: You have an increased reservoir of magic.
                  | (+10% MP) [potion of mutation]
  2414 | D:3      | Gained mutation: Your magical capacity is low. (-10% MP)
                  | [potion of mutation]
  2417 | D:3      | Paralysed by Grinder for 7 turns
  2420 | D:3      | HP: 1/29 [Grinder (2)]
  2420 | D:3      | Slain by Grinder

Illustrated notes

Levels and vault maps discovered:
D:1:      heliophobic_arrival_enchanted_forest, layout_basic,
          basic_ecumenical_altar
D:2:      wander_river, layout_loops_cross, minmay_indecisive_spiral
D:3:      layout_basic, uniq_grinder

Skill      XL: |  1  2  3 |
---------------+----------+-----
Axes           | 2 |  2.5
Armour         | 3 |  3.0
Shields        | 3 |  3.0
Fighting       | |  3.3
Dodging        | |  0.7

Action                   || total
-------------------------++-------
Melee: War axe           ||   117
  Use: Potion            ||     4
Armor: Scale mail        ||    79
Dodge: Dodged            ||    53
Block: Buckler           ||    27
